 Dungeon Crawl Stone Soup version 0.30-a0-738-g116ff8c4af (webtiles) character file.

Game seed: 16567268348779629848

123 timneilson the Covered (level 5, -1/33 HPs)
             Began as a Gargoyle Fighter on Feb 3, 2023.
             Blown up by Ijyb (9 damage)
             ... with a mindburst bolt
             ... on level 3 of the Dungeon.
             The game lasted 00:02:46 (2038 turns).

timneilson the Covered (Gargoyle Fighter)           Turns: 2038, Time: 00:02:47

Health: -1/33      AC: 11    Str: 19 (22) XL:     5   Next: 7%
Magic:  5/5        EV:  9    Int:  6 (8)  God:
Gold:   89         SH:  4    Dex:  9      Spells: 4/4 levels left

rFire   . . .      SeeInvis .    a - +0 long sword (freeze)
rCold   + . .      Faith    .    c - +0 buckler
rNeg    + . .      Spirit   .    b - +0 scale mail
rPois   ∞          Reflect  .    (no helmet)
rElec   +          Harm     .    (no cloak)
rCorr   .          Rampage  .    (no gloves)
Will    .....                    (no boots) Stlth
                                 (no amulet)
HPRegen 0.25/turn                j - ring of protection from cold
MPRegen 0.09/turn                (no ring)

@: no status effects
A: sickness immunity, AC +4, negative energy resistance 1, electricity
resistance, torment resistance 1, petrification resistance
a: no special abilities


You were on level 3 of the Dungeon.
You visited 1 branch of the dungeon, and saw 3 of its levels.

You collected 89 gold pieces.

Inventory:

Hand Weapons
 a - a +0 long sword of freezing (weapon)
Missiles
 g - a throwing net (quivered)
Armour
 b - a +0 scale mail (worn)
 c - a +0 buckler (worn)
Jewellery
 j - a ring of protection from cold (left hand)
Wands
 k - a wand of flame (29)
Scrolls
 l - a scroll of magic mapping
 m - a scroll of vulnerability {unknown}
Potions
 d - a potion of might
 e - a potion of resistance
 f - a potion of haste
 i - a potion of ambrosia {unknown}


   Skills:
 + Level 3.7 Fighting
 * Level 2.7 Long Blades
 * Level 4.1 Armour
 + Level 1.1 Dodging
 * Level 4.1 Shields
 + Level 0.2 Evocations


You had 4 spell levels left.
You didn't know any spells.
Your spell library contained the following spells:

 Spells                   Type           Power      Damage    Failure   Level
 Ensorcelled Hibernation  Hex/Ice        0%         N/A       96%         2
 Spider Form              Tmut/Pois      0%         N/A       99%         3
 Anguish                  Hex/Necr       0%         N/A       100%        4


Dungeon Overview and Level Annotations

Branches:
Dungeon (3/15)

Altars:
Nemelex Xobeh

Annotations:
D:3 Ijyb


Innate Abilities, Weirdness & Mutations

You are immune to sickness and miasma.
Your stone body is resilient. (AC +4)
You are immune to poison.
You resist negative energy. (rN+)
You are resistant to electric shocks. (rElec)
You are resistant to unholy torment.
You are immune to petrification.


Message History

You block Ijyb's attack.
Ijyb zaps a wand.
You barely resist. You hit Ijyb. You freeze Ijyb.
Ijyb is heavily wounded.
Ijyb hits you but does no damage.
You miss Ijyb.
Ijyb is heavily wounded.
Ijyb zaps a wand.
You barely resist. You closely miss Ijyb.
Ijyb is heavily wounded.
Ijyb completely misses you. You block Ijyb's attack.
You barely miss Ijyb.
Ijyb is heavily wounded.
Ijyb hits you but does no damage.
You barely miss Ijyb.
Ijyb is heavily wounded.
Ijyb barely misses you.
You miss Ijyb.
Ijyb is heavily wounded.
Ijyb hits you with a +0 club.
You barely miss Ijyb.
Ijyb is heavily wounded.
Ijyb hits you with a +0 club. Ijyb hits you but does no damage.
You barely miss Ijyb.
Ijyb is heavily wounded.
Ijyb hits you but does no damage.
You closely miss Ijyb.
Ijyb is heavily wounded.
Ijyb barely misses you.
You closely miss Ijyb.
Ijyb is heavily wounded.
Ijyb hits you but does no damage.
You hit Ijyb but do no damage.
Ijyb is heavily wounded.
You block Ijyb's attack.
Ijyb zaps a wand.
Your mind is blasted!
Ouch! That really hurt!
* * * LOW HITPOINT WARNING * * *
You slash Ijyb! You freeze Ijyb.
Ijyb is almost dead.
Ijyb zaps a wand.
Your mind is blasted!
You die...

## .#.# #.#.#
^#.#.# #.#.#J#
## .#.#.#g#.#
#.#.#.#@##
.#.#.#.#.#
#.#.#.#.##
.#.#.#.#.#
.#.#.#.#.##
.#.#.#.#.#.#
.#.#.#.#.#.##
.#.#.#.#.#.#.#
.#)#.#.#.#.#.##


You could see Ijyb and an endoplasm.

Vanquished Creatures
  3 gnolls (D:3)
  5 adders
  A worm (D:2)
  4 ball pythons
  3 bats
  5 endoplasms
  3 giant cockroaches
  3 goblins (D:1)
  6 hobgoblins
  5 kobolds
  A quokka (D:2)
  3 frilled lizards (D:1)
  6 rats
48 creatures vanquished.

Notes
Turn   | Place    | Note
-------+----------+-------------------------------------------
     0 | D:1      | timneilson the Gargoyle Fighter began the quest for the
                  | Orb.
     0 | D:1      | Reached XP level 1. HP: 14/14 MP: 1/1
   181 | D:1      | Reached XP level 2. HP: 15/19 MP: 2/2
   734 | D:2      | Reached XP level 3. HP: 23/23 MP: 3/3
  1219 | D:2      | Reached skill level 1 in Dodging
  1219 | D:2      | Reached XP level 4. HP: 28/28 MP: 4/4
  1951 | D:3      | Found a sparkling altar of Nemelex Xobeh.
  2012 | D:3      | Reached XP level 5. HP: 31/33 MP: 5/5
  2020 | D:3      | Noticed Ijyb
  2038 | D:3      | Blown up by Ijyb

Illustrated notes

Levels and vault maps discovered:
D:1:      dpeg_arrival_castle, layout_loops_ring, hangedman_decor_points,
          nicolae_concentric_dashed_squares_wild
D:2:      layout_basic
D:3:      layout_basic, nemelex_xobeh_ov_fountains_minmay, minmay_misc_feat_iff,
          uniq_grinder, uniq_ijyb, uniq_robin

Skill      XL: |  1  2  3  4 |
---------------+-------------+-----
Long Blades    | 2 |  2.7
Dodging        | 1 |  1.1
Armour         | 4 |  4.1
Shields        | 4 |  4.1
Fighting       | |  3.7
Evocations     | |  0.2

Action                     |  1- 3 |  4- 6 || total
---------------------------+-------+-------++-------
  Melee: Long sword        |   126 |    79 ||   205
    Use: Scroll            |     2 |     4 ||     6
         Potion            |       |     2 ||     2
 Armour: Scale mail        |    79 |    34 ||   113
  Dodge: Dodged            |    45 |    37 ||    82
  Block: Buckler           |    32 |    29 ||    61

Table legend: (Time is in decaauts)
 A = Elapsed time spent in this place.
 B = Non-inter-level travel time spent in this place.
 C = Inter-level travel time spent in this place.
 D = Time resting spent in this place.
 E = Time spent auto-exploring this place.
 F = Levels seen in this place.
 G = Mean time per level.
                   A        B        C        D        E       F      G
               +--------+--------+--------+--------+--------+-----+--------+
         Total |   2104 |   2042 |     62 |      0 |   1580 |   3 |  701.3 |
       Dungeon |   2104 |   2042 |     62 |      0 |   1580 |   3 |  701.3 |
               +--------+--------+--------+--------+--------+-----+--------+

Top non-repeatable levels by time:
     D:2: 1076 daAuts
     D:1: 727 daAuts
     D:3: 300 daAuts
